 Dungeon Crawl Stone Soup version 0.28.0-45-g0d030f2227 (webtiles) character file.

Game seed: 15636699146722095846

3292 raph the Covert (level 10, -7/59 HPs)
             Began as a Kobold Brigand on May 28, 2022.
             Was a Follower of Makhleb.
             Shot with a sling bullet by Joseph (13 damage)
             ... on level 8 of the Dungeon.
             The game lasted 00:12:34 (10170 turns).

raph the Covert (Kobold Brigand)                   Turns: 10170, Time: 00:12:35

Health: -7/59      AC:  8    Str: 14    XL:     10   Next: 20%
Magic:  12/14      EV: 17    Int: 16    God:    Makhleb [*.....]
Gold:   329        SH:  6    Dex: 21    Spells: 11/15 levels left

rFire   . . .      SeeInvis +   a - +2 dagger (freeze)
rCold   . . .      Faith    +   h - +0 buckler
rNeg    . . .      Spirit   .   k - +1 leather armour of Ycicvu {rCorr SInv}
rPois   .          Reflect  .   (no helmet)
rElec   .          Harm     .   c - +0 cloak
rCorr   +          Rampage  .   C - +2 pair of gloves of Syndicalism {Int+3}
Will    .....                   (no boots)
Stlth   ++++++....              o - amulet of faith
HPRegen 0.19/turn               n - +6 ring of strength
MPRegen 0.14/turn               (no ring)

@: no status effects
A: small, no large weapons, nightstalker 3
a: Renounce Religion


You were on level 8 of the Dungeon.
You worshipped Makhleb.
Makhleb was aware of your devotion.
You visited 1 branch of the dungeon, and saw 8 of its levels.

You collected 329 gold pieces.

Inventory:

Hand Weapons
 a - a +2 dagger of freezing (weapon)
Missiles
 d - 7 poisoned darts (quivered)
 e - 2 curare-tipped darts
 y - 4 throwing nets
Armour
 b - a +0 robe
 c - a +0 cloak (worn)
 h - a +0 buckler (worn)
 k - the +1 leather armour of Ycicvu (worn) {rCorr SInv}
   (You found it on level 2 of the Dungeon)

   SInv:      It lets you see invisible.
   rCorr:     It protects you from acid and corrosion.
 C - the +2 pair of gloves of Syndicalism (worn) {Int+3}
   (You found it on level 7 of the Dungeon)

   Int:       It affects your intelligence (+3).
Jewellery
 n - a +6 ring of strength (left hand)
 o - an amulet of faith (around neck)
 t - a ring of protection from fire
 v - a ring of wizardry
 A - a ring of fire
Scrolls
 f - 3 scrolls of identify
 l - a scroll of fear
 q - 2 scrolls of torment
 u - a scroll of teleportation
Potions
 g - a potion of brilliance {unknown}
 i - a potion of heal wounds {unknown}
 j - 3 potions of cancellation
 m - 2 potions of resistance {unknown}
 p - a potion of flight {unknown}
 r - 2 potions of mutation
 s - a potion of curing
 w - a potion of haste {unknown}
 x - 2 potions of invisibility {unknown}
 z - 2 potions of degeneration {unknown}


   Skills:
 + Level 5.2 Fighting
 * Level 8.9 Short Blades
 - Level 5.2 Throwing
 + Level 5.3 Dodging
 * Level 10.7 Stealth
 + Level 3.3 Shields
 + Level 3.3 Spellcasting
 * Level 0.0 Hexes
 - Level 3.4 Summonings
 + Level 0.0 Ice Magic
 + Level 0.0 Invocations


You had 11 spell levels left.
You knew the following spells:

 Your Spells              Type           Power      Damage    Failure   Level
a - Call Imp              Summ           13%        N/A       13%         2
b - Ensorcelled Hibernat  Hex/Ice        4%         N/A       45%         2

Your spell library contained the following spells:

 Spells                   Type           Power      Damage    Failure   Level
 Magic Dart               Conj           8%         1d3       34%         1
 Sublimation of Blood     Necr           2%         N/A       45%         2
 Mephitic Cloud           Conj/Pois/Air  2%         N/A       71%         3
 Spider Form              Tmut/Pois      2%         N/A       71%         3
 Anguish                  Hex/Necr       1%         N/A       98%         4
 Petrify                  Tmut/Erth      2%         N/A       98%         4
 Irradiate                Conj/Tmut      1%         3d14      100%        5


Dungeon Overview and Level Annotations

Branches:
Dungeon (8/15)             Temple (0/1) D:7
   Lair: D:8-11

Altars:
Ashenzari
Elyvilon
Makhleb

Annotations:
D:4 3 runed translucent doors, PanSaczeczos's ghost, amateur FoCj
D:8 Joseph


Innate Abilities, Weirdness & Mutations

You are small and have problems with some larger weapons.
You are completely attuned to the shadows.


Message History

You hit Joseph but do no damage.
Joseph is heavily wounded.
Joseph hits you with a +0 quarterstaff.
You barely miss Joseph.
Joseph is heavily wounded.
Joseph closely misses you.
You barely miss Joseph.
Joseph is heavily wounded.
You hit Joseph but do no damage.
Joseph is heavily wounded.
Joseph barely misses you.
Casting: Call Imp (safe; 13% risk of failure)
Confirm with . or Enter, or press ? or * to list all spells.
A beastly little devil appears in a puff of flame.
Your crimson imp says, "You called?"
Joseph hits you with a +0 quarterstaff! Joseph hits you with a +0 quarterstaff!
* * * LOW HITPOINT WARNING * * *
Joseph unwields a +0 quarterstaff.
Joseph wields a +3 hunting sling.
Joseph shoots a sling bullet.
The sling bullet hits you.
* * * LOW HITPOINT WARNING * * *
Your crimson imp hits Joseph.
Joseph unwields a +3 hunting sling.
Joseph wields a +0 quarterstaff.
Joseph completely misses your crimson imp.
Your crimson imp hits Joseph but does no damage.
Okay, then.
Throw: 9 darts (poison)
Press: ? - help, Q - select action, (/) - cycle Shift-Dir - straight line, f/p - Joseph
Aim: Joseph, wielding a +0 quarterstaff, wearing a +0 ring mail and quivering sling bullets (severely wounded, poisoned, ally target, 69% to hit)
You throw a poisoned dart. The poisoned dart hits Joseph.
Joseph looks even sicker.
Joseph is severely wounded.
Throw: 8 darts (poison)
Press: ? - help, Q - select action, (/) - cycle Shift-Dir - straight line, f/p - Joseph
Aim: Joseph, wielding a +0 quarterstaff, wearing a +0 ring mail and quivering sling bullets (severely wounded, very poisoned, ally target, 69% to hit)
You throw a poisoned dart. The poisoned dart barely misses Joseph.
Your crimson imp closely misses Joseph.
Joseph unwields a +0 quarterstaff.
Joseph wields a +3 hunting sling.
Joseph shoots a sling bullet.
The sling bullet hits you!
You die...

..#..##(....
.#..##(....
.. ...
......
...#.#
#.?..#
#.#<###.#
#...@..@####
#.....5.....
#.......###.
#.......#
#####.....
#[.....
....P..


You could see Joseph (very poisoned, ally target) and a friendly crimson imp
(summoned).

Vanquished Creatures
  Harold (D:7)
  Sigmund (D:2)
  3 sky beasts
  3 black bears (D:5)
  2 necrophages
  4 ogres
  2 kobold brigands (D:7)
  A bullfrog (D:7)
  2 scorpions
  A wyvern skeleton (D:7)
  A water moccasin zombie (D:6)
  A jelly (D:5)
  3 wights (D:6)
  A bullfrog zombie (D:6)
  A centaur zombie (D:5)
  A hound (D:5)
  6 orc priests
  3 iron imps (D:4)
  Jessica (D:2)
  2 orc wizards
  5 iguanas
  Terence (D:2)
  2 hound skeletons
  A howler monkey zombie (D:7)
  4 gnolls (D:4)
  2 howler monkey skeletons
  7 adders
  An ufetubus (D:5)
  An adder skeleton (D:4)
  5 worms
  2 dart slugs
  12 orcs
  6 ball pythons (D:1)
  6 bats
  9 endoplasms
  2 giant cockroaches
  12 goblins
  8 hobgoblins
  5 kobolds
  A quokka (D:3)
  4 frilled lizards
  7 rats
143 creatures vanquished.

Vanquished Creatures (collateral kills)
  A wight (D:7)
1 creature vanquished.

Vanquished Creatures (others)
  A fungus (D:4)
  4 plants
5 creatures vanquished.

Grand Total: 149 creatures vanquished

Notes
Turn   | Place    | Note
-------+----------+-------------------------------------------
     0 | D:1      | raph the Kobold Brigand began the quest for the Orb.
     0 | D:1      | Reached XP level 1. HP: 12/12 MP: 1/1
    91 | D:1      | Reached XP level 2. HP: 10/17 MP: 2/2
   292 | D:1      | Found a faded altar of an unknown god.
   683 | D:1      | Reached XP level 3. HP: 16/22 MP: 3/3
  1169 | D:2      | Noticed Sigmund
  1171 | D:2      | Killed Sigmund
  1172 | D:2      | Reached skill level 6 in Stealth
  1172 | D:2      | Reached skill level 1 in Shields
  1172 | D:2      | Reached XP level 4. HP: 27/27 MP: 4/4
  1172 | D:2      | Reached XP level 5. HP: 32/32 MP: 5/5
  1231 | D:2      | Reached XP level 6. HP: 28/37 MP: 6/6
  1231 | D:2      | Noticed Terence
  1493 | D:2      | Noticed Jessica
  1497 | D:2      | Killed Jessica
  1547 | D:2      | Identified the +1 leather armour of Ycicvu {rCorr SInv}
  1918 | D:2      | Reached skill level 7 in Stealth
  2113 | D:2      | Killed Terence
  2516 | D:3      | Reached skill level 5 in Short Blades
  2745 | D:3      | Noticed an ice beast
  3281 | D:3      | You fall into a shaft and drop 3 floors!
  3304 | D:5      | Entered Level 5 of the Dungeon
  3381 | D:5      | Reached XP level 7. HP: 41/41 MP: 7/7
  3616 | D:5      | Learned a level 2 spell: Call Imp
  3680 | D:5      | Reached skill level 8 in Stealth
  3982 | D:4      | Reached XP level 8. HP: 43/48 MP: 8/8
  4059 | D:4      | Found a white marble altar of Elyvilon.
  4110 | D:4      | Reached skill level 1 in Summonings
  4242 | D:4      | Reached skill level 1 in Spellcasting
  4451 | D:4      | Found a runed translucent gate.
  4451 | D:4      | Found a runed translucent gate.
  4451 | D:4      | Found a runed translucent gate.
  4454 | D:4      | Noticed PanSaczeczos's ghost (amateur FoCj)
  4858 | D:4      | Found a burning altar of Makhleb.
  4894 | D:4      | Became a worshipper of Makhleb the Destroyer
  5798 | D:5      | Learned a level 2 spell: Ensorcelled Hibernation
  5952 | D:5      | Reached skill level 9 in Stealth
  6129 | D:5      | Reached XP level 9. HP: 52/52 MP: 11/11
  6241 | D:5      | Identified the +1 ring mail "Kossoj" {Fly Will- Str+7}
  7147 | D:6      | Reached * piety under Makhleb
  7662 | D:6      | Found a broken altar of Ashenzari.
  8623 | D:7      | Reached skill level 10 in Stealth
  8965 | D:7      | Reached skill level 5 in Fighting
  8965 | D:7      | Reached skill level 5 in Dodging
  9353 | D:7      | Noticed Harold
  9395 | D:7      | Killed Harold
  9396 | D:7      | Reached skill level 5 in Throwing
  9396 | D:7      | Reached XP level 10. HP: 10/59 MP: 12/14
  9764 | D:7      | Found a staircase to the Ecumenical Temple.
  9850 | D:7      | Identified the +2 pair of gloves of Syndicalism {Int+3}
 10137 | D:8      | Noticed Joseph
 10170 | D:8      | Shot with a sling bullet by Joseph

Illustrated notes

Levels and vault maps discovered:
D:1:      heliophobic_arrival_battle_scene, layout_loops_ring,
          ebering_ecumenical_altar_webs, kennysheep_decorative_pillar
D:2:      layout_loops_ring, minmay_goblin_outpost, uniq_jessica, uniq_terence,
          uniq_sigmund
D:3:      layout_basic, hangedman_decor_riveting
D:4:      layout_rooms, kennysheep_little_box, demons_altar,
          gammafunk_ghost_nasty_kobolds, chequers_serial_rivers_room_b,
          grunt_ministairs_11
D:5:      layout_gridville, serial_bayou_pond_a
D:6:      layout_basic, nicolae_overflow_hidden_temple
D:7:      layout_rooms, minmay_temple_entry_glass,
          minmay_fractal_squares_diagonal_5, uniq_harold
D:8:      layout_basic, nicolae_qazlal_general_emergency,
          mainiacjoe_overflow_big_doors, due_lair_maze_entry_diamond,
          special_room [special_room_orc], serial_shops, shop_fountains,
          kennysheep_generic_room_2, uniq_maggie, uniq_joseph, uniq_erica

Skill      XL: |  1  2  3  4  5  6  7  8  9 |
---------------+----------------------------+-----
Short Blades   | 3 4 5 6 7 8 |  8.9
Dodging        | 2 3 4 5 |  5.3
Stealth        | 6 7 8 9 10 | 10.7
Shields        | 1 2 3 |  3.3
Fighting       | 3 4 5 |  5.2
Throwing       | 3 4 5 |  5.2
Summonings     | 2 3 |  3.4
Spellcasting   | 1 3 |  3.3

Action                   |  1- 3 |  4- 6 |  7- 9 | 10-12 || total
-------------------------+-------+-------+-------+-------++-------
Melee: Dagger            |    65 |   167 |   499 |    11 ||   742
Throw: Dart              |       |     3 |     8 |     8 ||    19
 Cast: Call Imp          |       |       |     6 |     2 ||     8
  Use: Scroll            |     3 |     3 |     7 |     2 ||    15
       Potion            |       |       |     3 |       ||     3
 Stab: Sleeping          |    16 |    17 |    29 |     1 ||    63
       Distracted        |       |       |     2 |       ||     2
Armor: Robe              |    11 |     2 |       |       ||    13
       Leather armour    |       |    29 |    39 |       ||    68
Dodge: Dodged            |    30 |    78 |   173 |     7 ||   288
Block: Buckler           |    12 |    36 |    79 |       ||   127
